 Dungeon Crawl Stone Soup version 0.31-a0-365-gcf821cafb2 (webtiles) character file.

Game seed: 6748153367590922334

7817 LeprechaunX the Mimic (level 11, -2/103 HPs)
             Began as an Octopode Shapeshifter on July 27, 2023.
             Was an Elder of Hepliaklqana.
             Slain by an efreet
             ... wielding a +3 scimitar of flaming
              (4 damage)
             ... on level 10 of the Dungeon.
             The game lasted 00:21:19 (10388 turns).

LeprechaunX the Mimic (Octopode Shapeshifter)      Turns: 10388, Time: 00:21:19

Health: -2/103     AC: 29    Str: 19    XL:     11   Next: 21%
Magic:  15/15      EV:  2    Int: 11    God:    Hepliaklqana [****..]
Gold:   1641       SH:  0    Dex: 18    Spells: 10/10 levels left

rFire   . .          .
                       - Unarmed
rCold   . . .        (no shield)
rNeg    . . .        (helmet currently unavailable)
rPois   +            (no amulet)
rElec   .            h - ring of resist corrosion
rCorr   +            w - ring of flight
SInv    .            D - +4 ring of protection
Will    .....        I - +6 ring of dexterity
Stlth   ++           (no ring)
HPRegen 0.37/turn    (no ring)
MPRegen 0.14/turn    (no ring)
                     (no ring)

%: no passive effects
@: tree-form, attractive
A: stationary, stasis, torment immunity, boosted hp, reduced essence, almost no
armour, (amphibious), 8 rings, (camouflage 1), (gelatinous body 1), (nimble
swimmer 1), (tentacles)
a: Renounce Religion, Recall Ancestor, Ancestor Identity, Transference, Idealise


You were on level 10 of the Dungeon.
You worshipped Hepliaklqana.
Hepliaklqana was greatly pleased with you.
You were a tree.
You visited 1 branch of the dungeon, and saw 10 of its levels.
You also visited: Ossuary and Bailey.

You collected 1641 gold pieces.

Inventory:

Missiles
 C - a throwing net
 G - 16 boomerangs (quivered)
Jewellery
 h - a ring of resist corrosion (left branch)
 w - a ring of flight (right branch)
 D - a +4 ring of protection (on tentacle)
 H - the ring of the Unkillable {Wiz rElec rF- Dex+8}
   (You took it off an orc in a bailey)

   [ring of wizardry]

   It improves your spell success rate.
   Dex:       It affects your dexterity (+8).
   rF:        It makes you vulnerable to fire.
   rElec:     It insulates you from electricity.
 I - a +6 ring of dexterity (on tentacle)
 J - the amulet "Kox Tewo" {Faith *Slow rF- Str+7 Int+2}
   (You found it on level 9 of the Dungeon)

   [amulet of faith]

   It allows you to gain divine favour quickly.
   Str:       It affects your strength (+7).
   Int:       It affects your intelligence (+2).
   rF:        It makes you vulnerable to fire.
   *Slow:     It may slow you when you take damage.
 K - a ring of protection from fire
Talismans
 b - a beast talisman
 j - a maw talisman
Wands
 l - a wand of charming (22)
 v - a wand of flame (9)
 y - a wand of roots (7)
Scrolls
 c - 3 scrolls of identify
 d - a scroll of poison
 f - 4 scrolls of teleportation
 g - 2 scrolls of fear
 k - a scroll of enchant weapon
 m - a scroll of fog
 s - a scroll of brand weapon
 t - a scroll of torment
 u - 2 scrolls of immolation
 x - a scroll of enchant armour {unknown}
 z - a scroll of vulnerability {unknown}
 B - 2 scrolls of noise {unknown}
 E - a scroll of blinking {unknown}
Potions
 e - 4 potions of curing
 i - a potion of might {unknown}
 n - a potion of attraction
 o - 7 potions of enlightenment
 p - a potion of berserk rage {unknown}
 q - 2 potions of brilliance {unknown}
 r - a potion of mutation {unknown}
 A - a potion of degeneration {unknown}
 F - a potion of magic


   Skills:
 + Level 7.9 Fighting
 - Level 2.0 Dodging
 + Level 8.7 Unarmed Combat
 + Level 5.8 Invocations
 + Level 10.2 Shapeshifting


You had 10 spell levels left.
You didn't know any spells.
Your spell library contained the following spells:

 Spells                   Type           Power      Damage    Failure   Level
 Apportation              Tloc           0%         N/A       34%         1
 Necrotise                Necr           0%         1d4       34%         1
 Summon Small Mammal      Summ           0%         N/A       34%         1
 Hailstorm                Conj/Ice       0%         3d3       71%         3
 Sticky Flame             Conj/Fire      0%         2d3       98%         4
 Plasma Beam              Fire/Air       0%         2x1d10    100%        6
 Simulacrum               Ice/Necr       0%         N/A       100%        6
 Starburst                Conj/Fire      0%         6d3       100%        6
 Haunt                    Necr/Summ      0%         N/A       100%        7
 Ozocubu's Refrigeration  Ice            0%         4d7       100%        7
 Borgnjor's Revivificati  Necr           0%         N/A       100%        8
 Death's Door             Necr           0%         N/A       100%        9
 Polar Vortex             Ice            0%         N/A       100%        9


Dungeon Overview and Level Annotations

Branches:
Dungeon (10/15)            Temple (0/1) D:7         Ossuary (visited)
 Bailey (visited)
   Lair: D:8-11         Orc: D:9-12

Altars:
Cheibriados
Dithmenos
Gozag
Hepliaklqana
Kikubaaqudgha
Makhleb
Qazlal
Ru
Sif Muna
Trog
Zin
The Shining One

Shops:
D:1 !   D:5 :


Innate Abilities, Weirdness & Mutations

You are a tree.
Your roots penetrate the ground, keeping you stationary.
You cannot be teleported.
You are immune to unholy pain and torment.
Your maximum health is greatly increased.
Your life essence is reduced to manifest your ancestor. (-10% HP)
You cannot wear most types of armour.
((You are amphibious.))
You can wear up to eight rings at the same time.
((Your skin changes colour to match your surroundings (Stealth+).))
((Your rubbery body absorbs attacks. (AC +1, EV +1)))
((You are camouflaged when in or above water. (Stealth+)))
((You have tentacles for arms and can constrict up to eight enemies at once.))


Message History

Decima is destroyed!
You barely miss the manticore.
The manticore is heavily wounded.
The manticore bites you.
The manticore claws you but does no damage. x2
Unknown command.
You pummel the manticore!!
The manticore is almost dead.
The manticore bites you but does no damage.
The manticore claws you but does no damage. x2
The efreet hits you but does no damage.
You smack the manticore!
You kill the manticore!
Unknown command.
You barely miss the efreet.
The efreet hits you with a +3 scimitar of flaming.
The efreet burns you.
You hit the efreet but do no damage. The efreet hits you but does no damage.
You hit the efreet but do no damage. The efreet barely misses you.
You hit the efreet but do no damage. The efreet gestures at you.
The bolt of fire hits you!
You hit the efreet.
The efreet is lightly wounded.
The efreet hits you but does no damage.
You smack the efreet!
The efreet is heavily wounded.
The efreet gestures at you.
The fireball explodes!
The fireball engulfs you!!
* * * LOW HITPOINT WARNING * * *
The fireball engulfs the efreet.
The efreet completely resists.
Unknown command.
It was a potion of attraction.
You feel attractive to monsters. The efreet barely misses you.
It was a potion of magic.
Magic courses through your body.
The efreet hits you with a +3 scimitar of flaming!
* * * LOW HITPOINT WARNING * * *
The efreet burns you.
You die...

## .. #. ##. #
#R###.#
##.#♣))..# ###
#..#.###.# #..
#..##...# # ##.
#...##.##..# #.
#.(.....#### #.
##..##.###.# #.
####.##.###.# #.#
#.
..........#.###.#
#.
####.####.#.#.#.#
#.


You could see an efreet.

Vanquished Creatures
  A two-headed ogre (D:9)
  An orc knight (D:10)
  A manticore (D:10)
  A gargoyle (D:10)
  4 yaks
  A vampire mosquito (D:10)
  2 steam dragons (D:6)
  Menkaure (D:5)
  2 sky beasts
  An ice beast (D:5)
  10 orc warriors
  A centaur (D:9)
  An ogre (D:5)
  2 kobold brigands (D:9)
  4 phantoms
  Blork the orc (D:6)
  A bullfrog (D:7)
  5 scorpions
  5 wights (D:8)
  A water moccasin skeleton (D:4)
  2 howler monkeys (D:8)
  2 hounds (D:6)
  2 orc priests
  3 iguanas
  A sleepcap (D:7)
  2 gnoll boudas (D:7)
  3 orc wizards
  4 hound zombies (D:4)
  A mummy (Ossuary)
  A howler monkey zombie (D:4)
  14 gnolls
  8 adders
  2 white imps
  An adder skeleton (D:4)
  2 adder zombies (D:4)
  3 dart slugs
  A worm (D:4)
  22 orcs
  5 spectral bats (Ossuary)
  10 bats
  A bat simulacrum (Ossuary)
  9 endoplasms
  6 giant cockroaches
  5 hobgoblins
  8 jackals (D:1)
  20 kobolds
  6 quokkas
  3 ball pythons
  2 frilled lizards
  12 gnoll zombies (Ossuary)
  18 goblins
  3 goblin simulacra (Ossuary)
  5 goblin zombies (Ossuary)
  2 hobgoblin zombies (Ossuary)
  A jackal zombie (D:4)
  5 kobold simulacra (Ossuary)
  5 kobold zombies (Ossuary)
  2 orc zombies (Ossuary)
  2 rats
  3 rat simulacra (Ossuary)
  4 spectral goblins (Ossuary)
  2 spectral kobolds (Ossuary)
  2 spectral rats (Ossuary)
261 creatures vanquished.

Vanquished Creatures (collateral kills)
  Pikel (D:5)
  A shadow (D:9)
  2 yaks (D:8)
  2 ice beasts (D:5)
  3 orc warriors
  A bullfrog (D:9)
  2 howler monkeys (D:8)
  A jelly (D:4)
  An orc priest (D:8)
  2 orc wizards
  2 gnolls (D:8)
  An adder (D:5)
  4 orcs
  3 hobgoblins
  A kobold (Bailey)
  A bat simulacrum (Ossuary)
  3 goblin zombies (Ossuary)
  A kobold zombie (Ossuary)
  A spectral goblin (Ossuary)
  A spectral kobold (Ossuary)
34 creatures vanquished.

Vanquished Creatures (others)
  A hexer (D:10)
1 creature vanquished.

Grand Total: 296 creatures vanquished

Notes
Turn   | Place    | Note
-------+----------+-------------------------------------------
     0 | D:1      | LeprechaunX the Octopode Shapeshifter began the quest for
                  | the Orb.
     0 | D:1      | Reached XP level 1. HP: 13/13 MP: 1/1
   147 | D:1      | Reached XP level 2. HP: 14/18 MP: 2/2
   285 | D:1      | Reached XP level 3. HP: 18/23 MP: 3/3
   319 | D:1      | Found a faded altar of an unknown god.
   574 | D:1      | Found Hostrek's Distillery.
   951 | D:2      | Reached XP level 4. HP: 28/29 MP: 4/4
  1400 | D:3      | Reached skill level 4 in Shapeshifting
  1400 | D:3      | Reached XP level 5. HP: 32/34 MP: 5/5
  1734 | D:3      | Found a shimmering blue altar of Sif Muna.
  1734 | D:3      | Found a sacrificial altar of Ru.
  1734 | D:3      | Found a glowing silver altar of Zin.
  1758 | D:3      | Found a bloodstained altar of Trog.
  1766 | D:3      | Found a hazy altar of Hepliaklqana.
  1768 | D:3      | Found a stormy altar of Qazlal.
  1769 | D:3      | Found a snail-covered altar of Cheibriados.
  1773 | D:3      | Became a worshipper of Hepliaklqana the Forgotten
  2325 | D:4      | Reached XP level 6. HP: 19/39 MP: 6/6
  2443 | D:4      | Found an opulent altar of Gozag.
  2494 | D:4      | Reached skill level 5 in Shapeshifting
  2658 | D:4      | Reached skill level 6 in Shapeshifting
  2658 | D:4      | Reached XP level 7. HP: 26/45 MP: 7/7
  2945 | D:4      | Reached * piety under Hepliaklqana
  3541 | D:5      | Entered Level 5 of the Dungeon
  3567 | D:5      | Found Qeogicsu's Tremendous Tomes.
  3605 | D:5      | Found a shadowy altar of Dithmenos.
  3753 | D:5      | Reached skill level 7 in Shapeshifting
  3759 | D:5      | Reached XP level 8. HP: 45/45 MP: 8/8
  4018 | D:5      | Reached ** piety under Hepliaklqana
  4019 | D:5      | Remembered your ancestor Decima as a hexer
  4084 | D:5      | Reached skill level 8 in Shapeshifting
  4288 | D:5      | Noticed a hornet
  4514 | D:5      | Noticed Pikel
  4530 | D:5      | Killed Pikel
  4531 | D:5      | Reached skill level 9 in Shapeshifting
  4704 | D:5      | Reached XP level 9. HP: 20/51 MP: 9/9
  4997 | D:5      | Noticed Menkaure
  5003 | D:5      | Killed Menkaure
  5004 | D:5      | Reached skill level 5 in Unarmed Combat
  5830 | D:6      | Noticed Blork the orc
  5841 | D:6      | Killed Blork the orc
  6084 | D:6      | Found an ancient bone altar of Kikubaaqudgha.
  6085 | D:6      | Found a glowing golden altar of the Shining One.
  6101 | D:6      | Reached skill level 5 in Fighting
  6355 | D:7      | Found a sand-covered staircase.
  6364 | Ossuary  | Entered an ossuary
  6387 | Ossuary  | Reached *** piety under Hepliaklqana
  7330 | D:7      | Found a staircase to the Ecumenical Temple.
  7540 | D:8      | Found a burning altar of Makhleb.
  7546 | D:8      | Found a transporter.
  7563 | D:8      | Found a flagged portal.
  7583 | Bailey   | Entered a bailey
  7624 | Bailey   | Reached skill level 1 in Invocations
  7703 | Bailey   | Reached XP level 10. HP: 26/61 MP: 11/11
  7851 | Bailey   | Identified the ring of the Unkillable {Wiz rElec rF- Dex+8}
  7859 | Bailey   | Identified the +3 ring mail "Itwoch" {Harm rElec Dex+2}
  7906 | Bailey   | Got the Compendium of Congelation and the Burn
  8215 | D:8      | Found a transporter.
  8217 | D:8      | Found a transporter.
  8473 | D:8      | Found a transporter.
  8477 | D:8      | Reached **** piety under Hepliaklqana
  9292 | D:9      | Identified the amulet "Kox Tewo" {Faith *Slow rF- Str+7
                  | Int+2}
  9301 | D:9      | Noticed a two-headed ogre
  9308 | D:9      | Killed a two-headed ogre
  9522 | D:9      | Reached skill level 10 in Shapeshifting
  9567 | D:9      | Reached skill level 5 in Invocations
  9969 | D:10     | Entered Level 10 of the Dungeon
  9995 | D:10     | Reached XP level 11. HP: 40/67 MP: 14/14
 10367 | D:10     | Noticed an orc knight
 10367 | D:10     | Noticed a manticore
 10374 | D:10     | Killed an orc knight
 10380 | D:10     | Killed a manticore
 10388 | D:10     | HP: 2/103 [efreet/+3 scimitar of flaming (8)]
 10388 | D:10     | Slain by an efreet

Illustrated notes

Levels and vault maps discovered:
D:1:      lightli_iron_boxes, layout_loops_cross, serial_shops,
          nicolae_shop_industrial_runoff, ebering_ecumenical_altar_rust,
          minmay_statues_item, hangedman_glass_teeth,
          nicolae_houndstooth_variations
D:2:      layout_rooms
D:3:      layout_loops_ring, gammafunk_temple_overflow_claw, minitemple,
          mrwooster_statue_mirror, kennysheep_orc_chapel
D:4:      layout_basic, general_overflow_altar, serial_undead, serial_undead_b,
          serial_undead_b, serial_undead_e, serial_undead_b, serial_undead_e,
          serial_undead_c, serial_undead_c, serial_undead_c
D:5:      nicolae_cairo_tiling_large_dashed, layout_basic,
          nicolae_dithmenos_through_a_glass_darkly,
          nicolae_shop_i_like_big_books, lightli_corner_chamber, uniq_menkaure,
          uniq_pikel
D:6:      layout_rooms, nicolae_overflow_two_pavilions, hangedman_decor_growths,
          uniq_blork_the_orc
D:7:      layout_loops_ring, minmay_temple_entry_overgrown,
          chequers_ossuary_entry_cave
D:8:      layout_gridville, mainiacjoe_overflow_paths,
          lightli_bailey_entry_fortress, nicolae_diode_quadrants
D:9:      layout_stronghold
D:10:     layout_loops_ring, gammafunk_temple_overflow_statue,
          hellmonk_ghost_big_iron, kennysheep_small_spiral, solitary_fountain,
          minmay_checkerbox, uniq_erica

Skill      XL: |  1  2  3  4  5  6  7  8  9 10 |
---------------+-------------------------------+-----
Fighting       | 2 3 6 7 |  7.9
Unarmed Combat | 4 7 8 |  8.7
Shapeshifting  | 4 6 7 9 10 | 10.2
Invocations    | 2 5 |  5.8
Dodging        | |  2.0

Action                     |  1- 3 |  4- 6 |  7- 9 | 10-12 || total
---------------------------+-------+-------+-------+-------++-------
  Melee: Unarmed           |    78 |    63 |   165 |   127 ||   433
         Constrict         |    17 |    27 |    62 |    34 ||   140
         Tentacles         |    11 |    20 |    61 |    29 ||   121
         Punch             |     1 |     3 |    11 |     5 ||    20
         Dagger            |       |    47 |    83 |       ||   130
         Maw               |       |       |    42 |    28 ||    70
  Throw: Boomerang         |       |       |       |    20 ||    20
 Invoke: Ancestor Life: He |       |       |     1 |       ||     1
    Use: Scroll            |       |       |     8 |       ||     8
         Potion            |       |       |       |     4 ||     4
   Stab: Sleeping          |     4 |     6 |    10 |       ||    20
         Confused          |       |       |     3 |     3 ||     6
         Distracted        |       |       |       |     3 ||     3
 Armour: Skin              |     6 |     4 |    19 |    33 ||    62
  Dodge: Dodged            |    45 |    51 |    95 |    50 ||   241
   Form: Maw               |       |       |     1 |       ||     1

Table legend: (Time is in decaauts)
 A = Elapsed time spent in this place.
 B = Non-inter-level travel time spent in this place.
 C = Inter-level travel time spent in this place.
 D = Time resting spent in this place.
 E = Time spent auto-exploring this place.
 F = Levels seen in this place.
 G = Mean time per level.
                   A        B        C        D        E       F      G
               +--------+--------+--------+--------+--------+-----+--------+
         Total |  10294 |   9299 |    995 |   1198 |   6165 |  12 |  857.8 |
       Dungeon |   9413 |   8418 |    995 |    976 |   6060 |  10 |  941.3 |
       Ossuary |    461 |    461 |      0 |    103 |     64 |   1 |  461.0 |
        Bailey |    419 |    419 |      0 |    119 |     41 |   1 |  419.0 |
               +--------+--------+--------+--------+--------+-----+--------+

Top non-repeatable levels by time:
     D:5: 1912 daAuts
     D:8: 1310 daAuts
     D:4: 1301 daAuts
     D:1: 929 daAuts
     D:3: 919 daAuts
     D:6: 762 daAuts
     D:9: 748 daAuts
     D:7: 684 daAuts
 Ossuary: 461 daAuts
     D:2: 429 daAuts
  Bailey: 419 daAuts
    D:10: 414 daAuts
